 Dungeon Crawl Stone Soup version 0.32-a0-30-gefbe487952 (webtiles) character file.

Game seed: 15737213804519146737

114 PriceMaster the Sneak (level 4, -1/27 HPs)
             Began as an Octopode Conjurer on Jan 19, 2024.
             Slain by an orc wizard
             ... wielding a +0 dagger
              (3 damage)
             ... on level 3 of the Dungeon.
             The game lasted 00:04:02 (2203 turns).

PriceMaster the Sneak (Octopode Conjurer)           Turns: 2203, Time: 00:04:03

Health: -1/27      AC:  1    Str:  6    XL:     4   Next: 98%
Magic:  4/7        EV: 14    Int: 22    God:
Gold:   117        SH:  6    Dex: 10    Spells: 4/7 levels left

rFire   . . .        h - +1 short sword (holy)
rCold   . . .        s - +0 kite shield
rNeg    . . .        (helmet restricted)
rPois   .            (no amulet)
rElec   .            o - +5 ring of evasion
rCorr   .            (no ring)
SInv    .            (no ring)
Will    .....        (no ring)
Stlth   ++++         (no ring)
HPRegen 0.24/turn    (no ring)
MPRegen 0.10/turn    (no ring)
                     (no ring)

%: no passive effects
@: very slightly contaminated
A: almost no armour, amphibious, 8 rings, camouflage 1, gelatinous body 1,
(nimble swimmer 1), tentacles
a: no special abilities


You were on level 3 of the Dungeon.
You visited 1 branch of the dungeon, and saw 3 of its levels.

You collected 117 gold pieces.

Inventory:

Hand Weapons
 b - a +0 dagger
 e - a +0 quarterstaff
 h - a +1 short sword of holy wrath (weapon)
Missiles
 k - 2 silver javelins
Armour
 s - a +0 kite shield (worn)
Jewellery
 o - a +5 ring of evasion (left tentacle)
 p - an amulet of faith
 r - an amulet of magic regeneration
Scrolls
 f - a scroll of vulnerability {unknown}
 g - 2 scrolls of teleportation {unknown}
 i - a scroll of noise {unknown}
 j - 2 scrolls of identify {unknown}
 m - a scroll of acquirement {unknown}
Potions
 c - a potion of cancellation {unknown}
 d - a potion of invisibility {unknown}
 l - 3 potions of curing {unknown}
 n - a potion of might {unknown}
 q - a potion of mutation {unknown}
 t - a potion of lignification {unknown}


   Skills:
 + Level 0.7 Fighting
 + Level 0.4 Short Blades
 + Level 0.8 Staves
 + Level 2.1 Dodging
 + Level 4.9 Stealth
 + Level 2.1 Spellcasting
 + Level 4.9 Conjurations


You had 4 spell levels left.
You knew the following spells:

 Your Spells              Type           Power      Damage    Failure   Level
a - Magic Dart            Conj           92%        1d7       19%         1
b - Searing Ray           Conj           46%        2d6       28%         2

Your spell library contained the following spells:

 Spells                   Type           Power      Damage    Failure   Level
 Fulminant Prism          Conj/Alch      6%         3d7       99%         4
 Iskenderun's Mystic Bla  Conj/Tloc      13%        2d5       99%         4


Dungeon Overview and Level Annotations

Branches:
Dungeon (3/15)

Altars:
Uskayaw

Shops:
D:1 =


Innate Abilities, Weirdness & Mutations

You cannot wear most types of armour.
You are amphibious.
You can wear up to eight rings at the same time.
Your skin changes colour to match your surroundings (Stealth+).
Your rubbery body absorbs attacks. (AC +1, EV +1)
((You are camouflaged when in or above water. (Stealth+)))
You have tentacles for arms and can constrict up to eight enemies at once.


Message History

You don't have enough magic to cast this spell.
Magic courses through your body. The orc closely misses you.
Casting: Searing Ray (quite dangerous; 28% risk of failure)
Confirm with . or Enter, or press ? or * to list all spells.
Aiming: Searing Ray (quite dangerous; 28% risk of failure)
Press: ? - help, Shift-Dir - straight line, f/p - orc
Aim: an orc, wielding a +0 hand axe (78% to hit)
The searing ray hits the orc!
You kill the orc!
The searing ray hits the orc.
The orc is almost dead.
The searing ray hits the orc!
You kill the orc! (Press . to maintain the ray.)
The searing ray hits the orc!
You kill the orc!
No target in view!
You miss something. Your squeeze misses something.
You block something's attack. Something barely misses you.
You hit something. Something hits you.
You closely miss something. Something hits you.
You barely miss something. Something hits you. x2
You completely miss something. Your squeeze misses something.
Something hits you.
You barely miss something. Something hits you.
Aiming: Magic Dart (safe; 19% risk of failure)
Press: ? - help, Q - select action, (/) - cycle Shift-Dir - straight line You miscast Magic Dart.
Nothing appears to happen.
You hear some strange, mumbled words.
A magic dart appears from out of thin air!
The magic dart hits you.
* * * LOW HITPOINT WARNING * * *
Okay, then.
Casting: Magic Dart (safe; 19% risk of failure)
Confirm with . or Enter, or press ? or * to list all spells.
You can't see any susceptible monsters within range! (Use Z to cast anyway.)
You miss something. Something hits you.
* * * LOW HITPOINT WARNING * * *
Something hits you.
You die...

## #.# ..# ###########
#.# #.......... . #.#
#.......... ... #.#
#..........
.(...####.#
#..........
>...).{@..##
#..........
.##.#####..#
#..........
..#..###..........
#####.#...............
......#.#####'###+##.#
##.#....#####.....##.#
#....................#
#........##...........
#........#######.....#


There were no monsters in sight!

Vanquished Creatures
  5 adders
  A ribbon worm (D:2)
  4 dart slugs
  3 orcs (D:3)
  7 endoplasms
  3 goblins
  3 hobgoblins (D:2)
  A jackal (D:2)
  4 quokkas (D:1)
  4 ball pythons
  4 bats
  2 frilled lizards
  6 kobolds
  9 rats
56 creatures vanquished.

Notes
Turn   | Place    | Note
-------+----------+-------------------------------------------
     0 | D:1      | PriceMaster the Octopode Conjurer began the quest for the
                  | Orb.
     0 | D:1      | Reached XP level 1. HP: 11/11 MP: 3/3
   286 | D:1      | Reached XP level 2. HP: 12/17 MP: 0/5
   493 | D:1      | Learned a level 2 spell: Searing Ray
   632 | D:1      | Found Zeocumon's Jewellery Shoppe.
   655 | D:1      | Reached XP level 3. HP: 21/21 MP: 6/6
   990 | D:2      | Found a hide-covered altar of Uskayaw.
  1146 | D:2      | Found a faded altar of an unknown god.
  1350 | D:2      | Identified the +1 ring mail of Atheunuq {Dex+3}
  1475 | D:2      | Reached XP level 4. HP: 27/27 MP: 5/7
  2203 | D:3      | Slain by an orc wizard

Illustrated notes

Levels and vault maps discovered:
D:1:      roderic_crop_circles_arrival_small, layout_loops_ring, serial_shops,
          nicolae_shop_waterfront, minmay_indecisive_spiral
D:2:      layout_basic, hellmonk_ecumenical_altar_zigzags, basic_altar,
          minmay_quantized
D:3:      layout_basic

Skill      XL: |  1  2  3  4 |
---------------+-------------+-----
Stealth        | 3 4 |  4.9
Fighting       | |  0.7
Short Blades   | |  0.4
Staves         | |  0.8
Dodging        | |  2.1
Spellcasting   | |  2.1
Conjurations   | |  4.9

Action                     |  1- 3 |  4- 6 || total
---------------------------+-------+-------++-------
  Melee: Unarmed           |    10 |       ||    10
         Tentacles         |    11 |     9 ||    20
         Constrict         |    17 |    10 ||    27
         Quarterstaff      |    16 |       ||    16
         Short sword       |    34 |    37 ||    71
         Punch             |       |     1 ||     1
   Cast: Magic Dart        |    23 |    10 ||    33
         Searing Ray       |       |     2 ||     2
    Use: Potion            |       |     1 ||     1
   Stab: Sleeping          |    11 |     2 ||    13
 Armour: Skin              |    31 |    18 ||    49
  Dodge: Dodged            |    36 |    24 ||    60
  Block: Kite shield       |       |     5 ||     5

Table legend: (Time is in decaauts)
 A = Elapsed time spent in this place.
 B = Non-inter-level travel time spent in this place.
 C = Inter-level travel time spent in this place.
 D = Time resting spent in this place.
 E = Time spent auto-exploring this place.
 F = Levels seen in this place.
 G = Mean time per level.
                   A        B        C        D        E       F      G
               +--------+--------+--------+--------+--------+-----+--------+
         Total |   2210 |   2150 |     60 |     92 |   1649 |   3 |  736.7 |
       Dungeon |   2210 |   2150 |     60 |     92 |   1649 |   3 |  736.7 |
               +--------+--------+--------+--------+--------+-----+--------+

Top non-repeatable levels by time:
     D:1: 885 daAuts
     D:2: 819 daAuts
     D:3: 505 daAuts
